Map: Moonlight Madness LE (Void)

Players

wabbajack

  • Race: Zerg Zerg
  • League: Gold

FuriousGeorg - Winner!

  • Race: Protoss Protoss
  • League: Bronze

VOD

Have the link to the VOD?

Description

Time

  • Played on: July 19, 2015, 5:47 p.m.
  • Length: 6:58
Show
View Real Time Build Order
Export as new Build Order

wabbajack Zerg 

Build Orders: Hatch First 

Get SALT Encoding   

  12  0:01  Drone  
  13  0:16  Overlord  
  13  0:19  Drone  
  14  0:26  Drone, Extractor  
  15  0:42  Extractor  
  14  0:51  Hatchery  
  14  0:53  Drone  
  15  0:57  Drone  
  15  1:01  Drone  
  16  1:05  Drone  
  17  1:24  Spawning Pool  
  16  1:34  Drone x2  
  16  1:37  Drone  
  19  1:59  Extractor  
  18  2:02  Drone x2  
  20  2:11  Queen  
  20  2:12  Queen  
  24  2:19  Metabolic Boost  
  24  2:23  Drone  
  24  2:27  Overlord  
  25  2:31  Drone  
  26  2:52  Pneumatized Carapace  
  27  2:58  Zergling x6  
  27  2:59  Zergling x2  
  30  3:08  Zergling x2  
  30  3:09  Zergling x2  
  30  3:11  Zergling x2  
  33  3:16  Overlord  
  33  3:28  Drone  
  33  3:29  Drone x2  
  36  3:44  Baneling Nest  
  36  3:45  Roach Warren  
  31  3:57  Zergling x4  
  29  4:13  Spine Crawler  
  29  4:16  Spine Crawler  
  27  4:20  Overlord, Spine Crawler  
  25  4:30  Zergling x6  
  28  4:31  Zergling x4  
  28  4:32  Zergling x2  
  31  4:43  Roach x2  
  35  4:46  Roach x2  
  37  5:05  Roach  
  37  5:06  Roach x3  
  45  5:14  Baneling x5  
  45  5:17  Baneling  
  45  5:19  Baneling  
  37  5:30  Roach x2  
  29  6:09  Roach  
  29  6:10  Roach x6  
  37  6:21  Roach x2  
Show
View Real Time Build Order
Export as new Build Order

FuriousGeorg Protoss - Winner!

Build Orders:  

Get SALT Encoding   

  12  0:01  Probe  
  13  0:15  Probe  
  14  0:34  Pylon  
  14  0:41  Assimilator  
  14  0:47  Assimilator  
  14  0:52  Probe  
  14  0:54  Gateway  
  15  1:04  Probe (Chrono Boost)  
  16  1:16  Probe (Chrono Boost)  
  17  1:25  Probe (Chrono Boost)  
  18  1:29  Pylon  
  18  1:33  Probe  
  19  1:43  Cybernetics Core  
  19  1:48  Probe (Chrono Boost)  
  20  2:00  Probe (Chrono Boost)  
  21  2:12  Gateway x2  
  21  2:14  Probe  
  22  2:22  Adept  
  22  2:24  Warp Gate (Chrono Boost)  
  24  2:32  Mothership Core  
  25  2:50  Pylon  
  25  2:53  Probe  
  25  2:54  Adept  
  28  3:05  Adept  
  30  3:08  Probe, Adept  
  33  3:18  Pylon  
  35  3:27  Sentry  
  35  3:32  Sentry  
  37  3:36  Sentry  
  38  3:41  Pylon  
  34  4:18  Sentry x2  
  34  4:19  Sentry  
  40  4:32  Pylon  
  40  4:34  Pylon  
  40  4:37  Pylon  
  40  4:56  Gateway, Adept x3  
  45  5:01  Gateway  
  45  5:04  Gateway  
  45  5:10  Probe  
  45  5:14  Stalker  
  46  5:25  Stalker  
  46  5:26  Stalker  
  50  5:53  Stalker x3  
  46  6:17  Probe  
  47  6:29  Probe  
  47  6:30  Sentry x3  
  52  6:41  Probe  
Tags
 
Add a new tag
Caveats
  • Supply blocks, unpowered buildings, or Contaminate may cause inaccurate times.
  • Supply counts are checked every 10 seconds.